 Dungeon Crawl Stone Soup version 0.16.2-2-g470672f (webtiles) character file.

472 poirepourri the Conjurer (level 6, -5/32 HPs)
             Began as a Deep Elf Conjurer on Aug 27, 2015.
             Killed by divine providence
             ... invoked by an orc priest
              (9 damage)
             ... on level 5 of the Dungeon.
             The game lasted 00:14:43 (5786 turns).

poirepourri the Conjurer (Deep Elf Conjurer)        Turns: 5786, Time: 00:14:43

Health: -5/32      AC:  3    Str:  5    XL:     6   Next: 83%
Magic:  1/22       EV: 18    Int: 25    God:
Gold:   317        SH:  0    Dex: 20    Spells: 5 memorised, 3 levels left

rFire  . . .     SeeInvis .     d - +0 short sword
rCold  . . .     Clarity  .     j - +0 leather armour
rNeg   . . .     SustAb   .     (no shield)
rPois  .         Gourm    .     (no helmet)
rElec  .         Spirit   .     (no cloak)
rCorr  .         Warding  .     (no gloves)
rMut   .         Stasis   .     (no boots)
MR     .....                    (no amulet)
Stlth  ++++......               (no ring)
                                m - +3 ring of intelligence

@: agile, not resistant to hostile enchantments, stealthy
A: mutation resistance 1
a: no special abilities


You were on level 5 of the Dungeon.
You were not hungry.

You visited 1 branch of the dungeon, and saw 5 of its levels.

You collected 317 gold pieces.

Inventory:

Hand weapons
 d - a +0 short sword (weapon)
Armour
 a - a +0 robe
 j - a +0 leather armour (worn)
Jewellery
 m - a +3 ring of intelligence (left hand)
Scrolls
 k - a scroll of amnesia
Potions
 e - a potion of haste
Books
 c - a book of Conjurations

   Spells                             Type                      Level
   a - Magic Dart                     Conjuration                  1
   b - Searing Ray                    Conjuration                  2
   c - Dazzling Spray                 Conjuration/Hexes            3
   d - Fulminant Prism                Conjuration/Hexes            4
   e - Iskenderun's Mystic Blast      Conjuration                  4
   f - Iskenderun's Battlesphere      Conjuration/Charms           5
Comestibles
 b - 4 bread rations
 f - 3 beef jerkies
 g - a slice of pizza
 h - 2 meat rations
 l - 5 fruits


   Skills:
 + Level 1.7 Armour
 + Level 3.3 Dodging
 + Level 3.7 Stealth
 + Level 6.1 Spellcasting
 + Level 6.5 Conjurations
 + Level 0.6 Hexes


You had 3 spell levels left.
You knew the following spells:

 Your Spells              Type           Power        Failure   Level  Hunger
a - Magic Dart            Conj           ####         1%          1    None
b - Searing Ray           Conj           #####.       1%          2    None
c - Dazzling Spray        Conj/Hex       ####....     10%         3    None
d - Fulminant Prism       Conj/Hex       ####......   28%         4    ###....
e - Iskenderun's Mystic   Conj           #####...     10%         4    ###....


Dungeon Overview and Level Annotations

Branches:
Dungeon (5/15)
 Temple: D:4-7

Altars:
Ashenzari

Annotations:
D:3 Terence


Innate Abilities, Weirdness & Mutations

You are somewhat resistant to further mutation.


Message History

The orc priest mumbles some strange prayers to Beogh against you.
Something smites you!
You hear a shout!
Casting: Magic Dart
Confirm with . or Enter, or press ? or * to list all spells.
You don't know that spell.
The orc priest hits you with a club.
A crimson imp comes into view.
You hit the orc priest but do no damage.
The orc priest is lightly wounded.
The orc priest closely misses you.
The orc priest calls down the wrath of Beogh upon you.
Something smites you!
* * * LOW HITPOINT WARNING * * *
Drink which item? (? for menu, Esc to quit)
You feel agile all of a sudden. The orc priest misses you.
The orc priest invokes the aid of Beogh against you.
Something smites you!
You die...

####### #......... ......#
#..........
......########...........
..<...#................#.#
....[...##.#####...).....#
......###...####..o#...#
......##....)....o...#
......#...)....#..5..#
......#.........@)...#
##.####........#.....# #.#
#........#.....# #.#
##.....#.#.....# #.
##......#.....#
##.....#.....#
#..##.#.....#
..(##........ #.####.#.##


You could see 2 orc priests and a crimson imp.

Vanquished Creatures
  An ogre (D:5)
  The ghost of poirepourri the Conjurer, an average DECj (D:3)
  Crazy Yiuf (D:4)
  5 worker ants (D:4)
  2 orc wizards
  3 adders
  A giant mite (D:4)
  2 worms
  5 giant geckos
  4 oozes
  7 orcs
  12 goblins
  9 hobgoblins
  5 jackals (D:3)
  A quokka (D:2)
  A ball python (D:4)
  3 bats
  3 giant cockroaches
  2 giant newts (D:3)
  A jackal skeleton (D:4)
  6 kobolds
  9 rats
84 creatures vanquished.

Notes
Turn   | Place    | Note
--------------------------------------------------------------
     0 | D:1      | poirepourri, the Deep Elf Conjurer, began the quest for the Orb.
     0 | D:1      | Reached XP level 1. HP: 10/10 MP: 5/5
   474 | D:1      | Reached XP level 2. HP: 15/15 MP: 3/8
   531 | D:1      | Reached skill level 5 in Conjurations
   906 | D:1      | Reached XP level 3. HP: 19/19 MP: 8/11
  2336 | D:3      | Found a shattered altar of Ashenzari.
  2354 | D:3      | Learned a level 2 spell: Searing Ray
  2357 | D:3      | Reached XP level 4. HP: 24/24 MP: 10/15
  2415 | D:3      | Noticed poirepourri's ghost (average DECj)
  2425 | D:3      | Killed poirepourri's ghost
  2456 | D:3      | Reached XP level 5. HP: 4/28 MP: 6/18
  3081 | D:3      | Gained mutation: You are somewhat resistant to further mutation. [potion of beneficial mutation]
  3369 | D:3      | Noticed Terence
  3598 | D:3      | Reached skill level 5 in Spellcasting
  3598 | D:3      | Reached skill level 6 in Conjurations
  3919 | D:3      | Learned a level 3 spell: Dazzling Spray
  3924 | D:3      | Learned a level 4 spell: Fulminant Prism
  4207 | D:4      | Noticed Crazy Yiuf
  4222 | D:4      | Killed Crazy Yiuf
  4222 | D:4      | Reached XP level 6. HP: 6/32 MP: 10/21
  5065 | D:4      | Learned a level 4 spell: Iskenderun's Mystic Blast
  5538 | D:4      | Reached skill level 1 in Armour
  5739 | D:5      | Entered Level 5 of the Dungeon
  5786 | D:5      | Killed from afar by an orc priest

Action                   |  1- 3 |  4- 6 || total
-------------------------+-------+-------++-------
Melee: Unarmed           |     5 |       ||     5
       Short sword       |     3 |     2 ||     5
 Cast: Magic Dart        |    93 |    78 ||   171
       Searing Ray       |     1 |    33 ||    34
       Iskenderun's Myst |       |     2 ||     2
       Dazzling Spray    |       |     2 ||     2
  Use: Scroll            |     1 |     8 ||     9
       Potion            |     2 |     6 ||     8
  Eat: Meat ration       |     1 |     1 ||     2
       Bread ration      |     1 |       ||     1
       Pizza             |     1 |       ||     1
